 Dungeon Crawl Stone Soup version 0.27-a0-1196-g3e9cee4cb2 (webtiles) character file.

Game seed: 5154908921267996490

4093 mordus the Frost Mage (level 10, -3/67 (69) HPs)
             Began as a Grey Draconian Ice Elementalist on May 28, 2021.
             Was an Initiate of Vehumet.
             Killed from afar by Harold (9 damage)
             ... with a harpoon shot
             ... on level 8 of the Dungeon.
             The game lasted 00:50:50 (11115 turns).

mordus the Frost Mage (DrIE)                       Turns: 11115, Time: 00:50:51

HP:   -3/67 (69)    AC: 28    Str: 10    XL:     10   Next: 5%
MP:   5/20          EV: 12    Int: 18    God:    Vehumet [......]
Gold: 361           SH:  0    Dex: 13    Spells: 8/22 levels left

rFire    + . .     SeeInvis .   f - staff of fire
rCold    . . .     Faith    .   (no shield)
rNeg     . . .     Spirit   .   (armour unavailable)
rPois    .         Reflect  .   (helmet restricted)
rElec    .         Harm     .   o - +2 cloak
rCorr    .         Rampage  .   (no gloves)
Will     +....                  n - +1 pair of boots
Stlth    ++........             (no amulet)
HPRegen  0.21/turn              c - +4 ring of protection
MPRegen  0.17/turn              p - ring of willpower

@: ice-armoured, marked, freezing walls, studying Short Blades, lightly drained
A: AC +12, amphibious, unfitting armour, cold-blooded
a: Renounce Religion


You were on level 8 of the Dungeon.
You worshipped Vehumet.
Vehumet was noncommittal.
You visited 2 branches of the dungeon, and saw 9 of its levels.

You collected 361 gold pieces.

Inventory:

Hand Weapons
 l - the +7 whip "Jueps" {vorpal, rN+ rCorr}
   (You found it on level 6 of the Dungeon)

   It inflicts extra damage upon your enemies.
   It protects you from negative energy.
   It protects you from acid and corrosion.
Missiles
 r - 2 curare-tipped darts
 s - 5 boomerangs of dispersal
Armour
 n - a +1 pair of boots (worn)
 o - a +2 cloak (worn)
Magical Staves
 f - a staff of fire (weapon)
 v - a staff of earth
Jewellery
 c - a +4 ring of protection (left hand)
 p - a ring of willpower (right hand)
Wands
 w - a wand of flame (17)
Scrolls
 a - a scroll of fog {unknown}
 b - 7 scrolls of identify
 e - a scroll of enchant weapon
 h - a scroll of fear {unknown}
 k - 3 scrolls of teleportation
 x - a scroll of magic mapping
Potions
 d - 2 potions of brilliance
 g - a potion of might {unknown}
 i - a potion of heal wounds
 j - a potion of invisibility {unknown}
 m - a potion of lignification {unknown}
 q - 2 potions of resistance {unknown}
 t - 2 potions of flight {unknown}
 u - a potion of mutation {unknown}


   Skills:
 + Level 6.8 Staves
 - Level 1.7 Dodging
 - Level 1.7 Stealth
 + Level 6.9 Spellcasting
 + Level 5.3 Conjurations
 + Level 4.9 Fire Magic
 + Level 8.4 Ice Magic
 + Level 0.8 Evocations


You had 8 spell levels left.
You knew the following spells:

 Your Spells              Type           Power      Damage    Failure   Level
a - Freeze                Ice            100%       1d11      1%          1
b - Frozen Ramparts       Ice            72%        1d9       1%          3
c - Ozocubu's Armour      Ice            36%        N/A       1%          3
d - Hailstorm             Conj/Ice       31%        3d8       6%          4
e - Conjure Flame         Conj/Fire      37%        6-21      4%          3

Your spell library contained the following spells:

 Spells                   Type           Power      Damage    Failure   Level
 Foxfire                  Conj/Fire      100%       2x1d9     1%          1
 Inner Flame              Hex/Fire       22%        N/A       12%         3
 Sticky Flame             Conj/Fire      37%        2d6       13%         4
 Confusing Touch          Hex            6%         N/A       32%         3
 Gell's Gravitas          Tloc           3%         N/A       32%         3
 Iskenderun's Battlesphe  Conj           25%        2d8       32%         5
 Fireball                 Conj/Fire      18%        3d9       36%         5
 Metabolic Englaciation   Hex/Ice        10%        N/A       47%         5
 Bolt of Magma            Conj/Fire/Erth 13%        4d8       58%         5
 Petrify                  Tmut/Erth      6%         N/A       73%         4
 Yara's Violent Unravell  Hex/Tmut       3%         3d4       97%         5
 Iron Shot                Conj/Erth      7%         9d2       99%         6
 Orb of Destruction       Conj           12%        9d6       100%        7
 Spellforged Servitor     Conj/Summ      7%         N/A       100%        7


Dungeon Overview and Level Annotations

Branches:
Dungeon (8/15)             Temple (1/1) D:4
   Lair: D:8-11

Altars:
Ashenzari
Cheibriados
Dithmenos
Elyvilon
Fedhas
Gozag
Hepliaklqana
Kikubaaqudgha
Makhleb
Nemelex Xobeh
Okawaru
Qazlal
Ru
Sif Muna
Trog
Uskayaw
Vehumet
Wu Jian
Xom
Yredelemnul
Zin
The Shining One

Annotations:
D:8 Harold


Innate Abilities, Weirdness & Mutations

Your dull iron-grey scales are very hard. (AC +12)
You are amphibious.
You cannot fit into any form of body armour.
You are cold-blooded and may be slowed by cold attacks.


Message History

Harold is severely wounded.
The wall freezes Harold.
Harold hits you with a +0 battleaxe!
Casting: Freeze (safe; 1% risk of failure)
Confirm with . or Enter, or press ? or * to list all spells.
Aiming: Freeze (safe; 1% risk of failure)
Press: ? - help, Shift-Dir - straight line, f/p - Harold
Aim: Harold, wielding a +0 battleaxe, wearing a +0 chain mail and quivering 4 throwing nets (severely wounded)
You freeze Harold!
Harold is severely wounded.
The frozen ramparts melt away.
Harold hits you with a +0 battleaxe!!
* * * LOW HITPOINT WARNING * * *
Okay, then.
Your icy armour will break if you move.
Continue?
Uppercase [Y]es or [N]o only, please.
Your icy armour will break if you move.
Continue?
Your icy armour cracks and falls away as you move.
Harold fires a harpoon shot at you. The harpoon shot misses you.
Casting: Freeze (safe; 1% risk of failure)
Confirm with . or Enter, or press ? or * to list all spells.
Okay, then.
Harold fires a harpoon shot at you.
The harpoon shot hits you but does no damage.
Harold fires a harpoon shot at you.
The harpoon shot hits you but does no damage.
Casting: Freeze (safe; 1% risk of failure)
Confirm with . or Enter, or press ? or * to list all spells.
You can't see any susceptible monsters within range! (Use Z to cast anyway.) Unknown command.
Casting: Freeze (safe; 1% risk of failure)
Confirm with . or Enter, or press ? or * to list all spells.
Casting: Frozen Ramparts (safe; 1% risk of failure)
Press: ? - help, Dir - look around, f - activate The walls around you are covered in ice.
Casting: Frozen Ramparts (safe; 1% risk of failure)
Confirm with . or Enter, or press ? or * to list all spells.
A film of ice covers your body! Harold fires a harpoon shot at you.
The harpoon shot hits you!
You die...

##.#..........##
......#
.)........>....##
......
##)....(......(.####>.#
##..............#.....#
##................#@..#
#...............##.###
##..............##.@#
#..............###.##
..##...........#@..#
######..######...###
##.....## ####..##
.#.#..## #.....#
.#.#.## #.##.##
.[.#.######.##.######
................#...##
............)........#.
.......................


You could see Harold.

Vanquished Creatures
  Maggie (D:8)
  Eustachio (D:6)
  Grum (D:8)
  2 steam dragons (D:8)
  Menkaure (D:6)
  A water moccasin (D:8)
  3 ice beasts
  A black bear (D:4)
  An orc warrior (D:8)
  2 wolves (D:8)
  2 necrophages
  2 ogres (D:4)
  2 centaurs
  A phantom (D:4)
  A bullfrog (D:7)
  3 scorpions
  A water moccasin skeleton (D:6)
  6 killer bees (D:8)
  4 wights
  2 howler monkeys (D:7)
  2 centaur zombies
  2 jellies
  2 orc priests
  A centaur skeleton (D:7)
  A gnoll shaman (D:5)
  2 hounds (D:6)
  A bullfrog skeleton (D:7)
  3 iguanas
  12 orc wizards
  Natasha (thrice) (D:4)
  A killer bee zombie (D:8)
  4 gnolls (D:5)
  9 adders
  A white imp (D:7)
  An ufetubus (D:4)
  A worm (D:3)
  4 dart slugs
  23 orcs
  8 ball pythons
  8 bats
  6 endoplasms
  A giant cockroach (D:1)
  9 goblins
  5 hobgoblins
  17 jackals
  5 kobolds
  8 quokkas
  3 frilled lizards
  4 rats
185 creatures vanquished.

Notes
Turn   | Place    | Note
-------+----------+-------------------------------------------
     0 | D:1      | mordus the Draconian Ice Elementalist began the quest for
                  | the Orb.
     0 | D:1      | Reached XP level 1. HP: 14/14 MP: 3/3
   316 | D:1      | Reached XP level 2. HP: 16/20 MP: 1/5
   870 | D:1      | Reached XP level 3. HP: 26/26 MP: 4/7
   981 | D:1      | Learned a level 3 spell: Frozen Ramparts
   985 | D:1      | Learned a level 3 spell: Ozocubu's Armour
  1645 | D:2      | Found a faded altar of an unknown god.
  1816 | D:2      | Reached skill level 1 in Staves
  1841 | D:2      | Reached XP level 4. HP: 33/33 MP: 8/8
  2917 | D:3      | Reached skill level 5 in Ice Magic
  3343 | D:3      | Reached XP level 5. HP: 37/38 MP: 3/10
  3775 | D:4      | Noticed a phantom
  4099 | D:4      | Noticed a black bear
  4104 | D:4      | Noticed an ogre
  4285 | D:4      | Found a staircase to the Ecumenical Temple.
  4324 | D:4      | Killed an ogre
  4325 | D:4      | Reached XP level 6. HP: 11/45 MP: 3/12
  4554 | D:4      | Noticed Natasha
  4559 | Temple   | Entered the Ecumenical Temple
  4821 | D:4      | Killed Natasha
  4909 | D:4      | Reached skill level 6 in Ice Magic
  5107 | D:4      | Noticed Natasha
  5118 | D:4      | Killed Natasha
  5119 | D:4      | Your scales start taking on a dull iron-grey colour.
  5119 | D:4      | Reached XP level 7. HP: 50/50 MP: 9/13
  5143 | D:4      | Noticed Natasha
  5150 | D:4      | Killed Natasha
  5285 | D:4      | Learned a level 4 spell: Hailstorm
  6122 | D:5      | Entered Level 5 of the Dungeon
  6134 | D:4      | Reached skill level 1 in Conjurations
  6516 | D:5      | Reached skill level 5 in Spellcasting
  6529 | D:5      | Learned a level 3 spell: Conjure Flame
  6847 | D:5      | Reached skill level 1 in Fire Magic
  6847 | D:5      | Reached XP level 8. HP: 53/57 MP: 15/15
  7162 | D:6      | Noticed Eustachio
  7175 | D:6      | Killed Eustachio
  7176 | D:6      | Reached skill level 5 in Staves
  7385 | D:6      | Noticed Menkaure
  7408 | D:6      | Reached skill level 7 in Ice Magic
  7759 | D:6      | Killed Menkaure
  8242 | D:6      | Identified the +7 whip "Jueps" {vorpal, rN+ rCorr}
  8671 | D:7      | Reached XP level 9. HP: 62/62 MP: 13/17
  8915 | D:7      | Identified the +1 chain mail of the Valley {Rampage rF-
                  | rN+}
  9121 | D:7      | Found a radiant altar of Vehumet.
  9124 | D:7      | Became a worshipper of Vehumet
  9396 | D:8      | Noticed Grum
  9406 | D:8      | Killed Grum
  9441 | D:8      | Reached skill level 8 in Ice Magic
  9911 | D:7      | Reached skill level 5 in Conjurations
 10561 | D:8      | Noticed Maggie
 10579 | D:8      | Killed Maggie
 10580 | D:8      | Reached XP level 10. HP: 13/69 MP: 7/20
 11088 | D:8      | Noticed Harold
 11115 | D:8      | Killed from afar by Harold

Illustrated notes

Levels and vault maps discovered:
D:1:      wheals_arrival_shading, layout_rooms, minmay_misc_feat_tower
D:2:      kennysheep_six_static_rooms, layout_loops_ring,
          hellmonk_ecumenical_altar_dog_temple
D:3:      layout_basic, minmay_quadrilaterals
D:4:      layout_loops_ring, minmay_temple_entry_ruins, uniq_natasha
D:5:      layout_rooms
D:6:      layout_basic, hex_medium, nicolae_sextant, uniq_eustachio,
          uniq_menkaure
D:7:      layout_loops_cross, kennysheep_mini
D:8:      layout_rooms, minivault_1, minmay_manual_monolith, uniq_grum,
          uniq_harold, uniq_maggie
Temple:   minmay_crystal_snake_temple

Skill      XL: |  1  2  3  4  5  6  7  8  9 |
---------------+----------------------------+-----
Spellcasting   | 3 4 5 6 |  6.9
Staves         | 1 2 3 4 5 6 |  6.8
Ice Magic      | 5 6 7 8 |  8.4
Conjurations   | 2 3 5 |  5.3
Fire Magic     | 1 3 4 |  4.9
Dodging        | |  1.7
Stealth        | |  1.7
Evocations     | |  0.8

Action                   |  1- 3 |  4- 6 |  7- 9 | 10-12 || total
-------------------------+-------+-------+-------+-------++-------
Melee: Unarmed           |    16 |       |       |       ||    16
       Dagger            |    12 |       |       |       ||    12
       Tailslap          |     5 |     7 |    56 |     2 ||    70
       Staff             |    27 |    72 |   479 |    16 ||   594
 Cast: Freeze            |    48 |    69 |    58 |     5 ||   180
       Frozen Ramparts   |     3 |     8 |    34 |     3 ||    48
       Ozocubu's Armour  |       |     2 |    12 |     4 ||    18
       Conjure Flame     |       |       |     6 |       ||     6
       Hailstorm         |       |       |     2 |     2 ||     4
  Use: Scroll            |       |       |    10 |       ||    10
       Potion            |       |       |     3 |       ||     3
 Stab: Sleeping          |     1 |     2 |       |       ||     3
       Distracted        |       |       |     1 |       ||     1
Armor: Skin              |    34 |    57 |   304 |     9 ||   404
Dodge: Dodged            |    76 |    83 |   300 |     9 ||   468

Table legend: (Time is in decaauts)
 A = Elapsed time spent in this place.
 B = Non-inter-level travel time spent in this place.
 C = Inter-level travel time spent in this place.
 D = Time resting spent in this place.
 E = Time spent auto-exploring this place.
 F = Levels seen in this place.
 G = Mean time per level.
                   A        B        C        D        E       F      G
               +--------+--------+--------+--------+--------+-----+--------+
         Total |  11092 |  10940 |    152 |   2959 |   5297 |   9 | 1232.4 |
       Dungeon |  10835 |  10717 |    118 |   2959 |   5117 |   8 | 1354.4 |
        Temple |    256 |    222 |     34 |      0 |    180 |   1 |  256.0 |
               +--------+--------+--------+--------+--------+-----+--------+

Top non-repeatable levels by time:
     D:3: 1829 daAuts
     D:4: 1803 daAuts
     D:8: 1564 daAuts
     D:6: 1428 daAuts
     D:2: 1284 daAuts
     D:1: 1270 daAuts
     D:7: 975 daAuts
     D:5: 678 daAuts
  Temple: 256 daAuts
